Match 44930958
Unlisted

Match 44930958
End
Vickers Machine Gun Team
Construct Section Command Post
Dingo Light Scout Car
Infantry Section
Infantry Section
Construct Platoon Command Post
Infantry Section
Unlock M3 Stuart Light Tanks
M3 Stuart Light Tank
Royal Engineer Section
M3 Stuart Light Tank
Selects Air and Sea Battlegroup
Selects Supply Surplus
Construct Resource Cache
M3 Stuart Light Tank
Construct Resource Cache
Light Vehicle Training
Construct Resource Cache
M3 Stuart Light Tank
Selects Commando Section Paradrop
Selects Commando Support Section Paradrop
Selects Incendiary Bombing Run
M3 Stuart Light Tank
M3 Stuart Light Tank
Commando Section Paradrop
Incendiary Bombing Run
M3 Stuart Light Tank
M3 Stuart Light Tank
M3 Stuart Light Tank
Incendiary Bombing Run
M3 Stuart Light Tank
M3 Stuart Light Tank
Construct Resource Cache
Selects UNKNOWN (223837)
Selects Naval Bombardment
M3 Stuart Light Tank
Construct Field Infirmary
Royal Engineer Section
Incendiary Bombing Run
M3 Stuart Light Tank
杨司令
JT
孤冰月
子清
엽하
sss
Zerg
Ducksfly
0
0

Comments sign in to comment!

No comments posted yet!